 Dungeon Crawl Stone Soup version 0.29.1-1-gd02db6906a (webtiles) character file.

Game seed: 16371220056296477339

4376 Zeld the Geomancer (level 10, -1/50 HPs)
             Began as a Gargoyle Earth Elementalist on Sept 30, 2022.
             Was an Initiate of Gozag.
             Slain by a scorpion (5 damage)
             ... summoned by Amaemon
             ... on level 8 of the Dungeon.
             The game lasted 00:18:39 (10441 turns).

Zeld the Geomancer (Gargoyle Earth Elementalist)   Turns: 10441, Time: 00:18:40

Health: -1/50      AC: 12    Str: 13    XL:     10   Next: 35%
Magic:  0/22       EV: 12    Int: 25    God:    Gozag
Gold:   390        SH:  0    Dex: 10    Spells: 15/25 levels left

rFire   . . .      SeeInvis .   o - +1 hand axe (vorpal)
rCold   . . .      Faith    .   (no shield)
rNeg    + . .      Spirit   .   a - +0 robe
rPois   ∞          Reflect  .   e - +0 helmet
rElec   +          Harm     .   A - +1 cloak {rCorr}
rCorr   +          Rampage  .   (no gloves)
Will    .....                   (no boots)
Stlth   +++.......              (no amulet)
HPRegen 0.16/turn               B - +6 ring of intelligence
MPRegen 0.18/turn               (no ring)

@: no status effects
A: sickness immunity, AC +7, negative energy resistance 1, electricity
resistance, torment resistance 1, petrification resistance
a: Renounce Religion, Potion Petition, Call Merchant, Bribe Branch


You were on level 8 of the Dungeon.
You worshipped Gozag.
Gozag was aware of your devotion.
You visited 2 branches of the dungeon, and saw 9 of its levels.
You also visited: Ossuary.

You collected 702 gold pieces.
You spent 180 gold pieces at shops.
You paid 132 gold pieces to Gozag.

Inventory:

Hand Weapons
 o - a +1 vorpal hand axe (weapon)
Missiles
 b - 13 poisoned darts
 k - 6 boomerangs
 z - a throwing net
Armour
 a - a +0 robe (worn)
 e - a +0 helmet (worn)
 g - a +0 buckler
 A - a +1 cloak of preservation (worn)
Jewellery
 B - a +6 ring of intelligence (left hand)
Wands
 C - a wand of polymorph (7)
Scrolls
 c - 5 scrolls of poison {unknown}
 d - a scroll of vulnerability {unknown}
 h - a scroll of brand weapon {unknown}
 i - a scroll of summoning {unknown}
 m - a scroll of noise {unknown}
 q - 4 scrolls of identify {unknown}
 s - a scroll of amnesia {unknown}
 y - a scroll of fear {unknown}
 E - a scroll of enchant armour {unknown}
 F - a scroll of magic mapping {unknown}
 G - a scroll of acquirement {unknown}
 I - a scroll of blinking {unknown}
Potions
 f - a potion of haste {unknown}
 l - 2 potions of flight {unknown}
 n - 3 potions of curing
 p - 4 potions of might {unknown}
 r - 2 potions of degeneration {unknown}
 t - 3 potions of lignification {unknown}
 u - 2 potions of mutation {unknown}
 v - a potion of cancellation {unknown}
 w - a potion of heal wounds {unknown}
 x - 2 potions of brilliance {unknown}
 D - a potion of resistance {unknown}
 H - a potion of invisibility {unknown}
 J - a potion of attraction {unknown}


   Skills:
 * Level 2.2 Armour
 - Level 2.0 Dodging
 - Level 6.0 Stealth
 + Level 1.4 Shields
 * Level 8.1 Spellcasting
 + Level 6.4 Conjurations
 - Level 1.0 Transmutations
 * Level 11.0 Earth Magic


You had 15 spell levels left.
You knew the following spells:

 Your Spells              Type           Power      Damage    Failure   Level
a - Sandblast             Erth           100%       2d20      1%          1
b - Passwall              Tmut/Erth      33%        N/A       1%          2
c - Stone Arrow           Conj/Erth      100%       3d13      1%          3
d - Petrify               Tmut/Erth      40%        N/A       4%          4

Your spell library contained the following spells:

 Spells                   Type           Power      Damage    Failure   Level
 Conjure Flame            Conj/Fire      26%        6-21      4%          3
 Leda's Liquefaction      Hex/Erth       18%        N/A       6%          4
 Scorch                   Fire           20%        2d6       9%          2
 Ignite Poison            Fire/Tmut/Pois 11%        N/A       16%         3
 Flame Wave               Conj/Fire      26%        2d8       16%         4
 Sticky Flame             Conj/Fire      26%        2d5       16%         4
 Call Canine Familiar     Summ           10%        N/A       19%         3
 Portal Projectile        Hex/Tloc       20%        N/A       19%         3
 Summon Cactus Giant      Summ           5%         N/A       100%        6


Dungeon Overview and Level Annotations

Branches:
Dungeon (8/15)             Temple (1/1) D:5         Ossuary (visited)
   Lair: D:8-11

Altars:
Cheibriados
Elyvilon
Gozag
Hepliaklqana
Okawaru
Ru
Sif Muna
Trog
Vehumet
Wu Jian
Xom
Yredelemnul
Zin
The Shining One

Shops:
D:5 [

Annotations:
D:3 2 runed translucent doors, safid's ghost, amateur MiHu
D:7 Maggie
D:8 Amaemon; Maurice


Innate Abilities, Weirdness & Mutations

You are immune to sickness and miasma.
Your stone body is resilient. (AC +7)
You are immune to poison.
You resist negative energy. (rN+)
You are resistant to electric shocks. (rElec)
You are resistant to unholy torment.
You are immune to petrification.


Message History

Aim: Amaemon, wielding a +0 demon whip of venom (almost dead, chance to affect: 17%) Amaemon resists with almost no effort.
The now-empty wand crumbles to dust.
The scorpion barely misses you.
Amaemon casts a spell.
Unknown command.
Okay, then.
You hit Amaemon.
Amaemon is almost dead.
You closely miss the scorpion.
The scorpion stings you but does no damage.
The scorpion barely misses you.
Amaemon gestures at the scorpion while chanting.
The scorpion seems to grow toxic.
You hit Amaemon. Your punch misses Amaemon.
Amaemon is almost dead.
You hit the scorpion but do no damage. The scorpion completely misses you.
Amaemon sighs, "Demons are the only companions you can really rely on."
Amaemon closely misses you. Amaemon claws you!
* * * LOW HITPOINT WARNING * * *
Amaemon tail-slaps you but does no damage.
The scorpion stings you but does no damage.
Casting: Sandblast (safe; 1% risk of failure)
Confirm with . or Enter, or press ? or * to list all spells.
Aiming: Sandblast (safe; 1% risk of failure)
Press: ? - help, Shift-Dir - straight line, f/p - Amaemon
Aim: Amaemon, wielding a +0 demon whip of venom (almost dead, 82% to hit)
The blast of sand misses Amaemon.
The blast of sand hits the scorpion!
The scorpion is almost dead.
Amaemon mumbles some strange words.
The scorpion stings you but does no damage.
Amaemon hits you with a +0 demon whip of venom.
* * * LOW HITPOINT WARNING * * *
Amaemon claws you but does no damage. Amaemon tail-slaps you.
* * * LOW HITPOINT WARNING * * *
Unknown command.
Okay, then.
The scorpion attacks as you move away! The scorpion completely misses you.
The scorpion closely misses you. The scorpion stings you.
You die...
Your body crumbles into a pile of gold.

#####...........)
#............####
#.###..####..###.
#.# #..# #......
#.# #..# #..###.
#.# #..# #..# ##
#.# #..# #... #
#######.###..#
#..#. #
#...$s@......#
#..# #
#.###s#####.##
#..# # #6# #.. #
#s# #s# . #.# ##
#.# # #.# # #.#


You could see Amaemon and 4 scorpions.

Vanquished Creatures
  An orange demon (D:8)
  Grinder (D:4)
  11 yaks
  A water moccasin (D:4)
  An ice beast (D:6)
  2 sky beasts
  A black bear (D:6)
  2 centaurs
  An ogre (D:5)
  2 phantoms (D:6)
  A bullfrog (D:8)
  6 water moccasin zombies (Ossuary)
  A necrophage (D:6)
  A scorpion (D:6)
  4 wights (D:8)
  2 howler monkeys (D:8)
  A gnoll bouda (D:8)
  3 orc priests
  2 hounds (D:5)
  5 iguanas
  3 orc wizards
  2 mummies (Ossuary)
  9 adders
  7 gnolls
  A white imp (D:6)
  An ufetubus (D:5)
  3 adder zombies (Ossuary)
  3 worms
  22 orcs
  4 endoplasms
  2 giant cockroaches
  6 goblins
  5 hobgoblins
  6 jackals
  4 quokkas
  7 ball pythons
  5 bats
  A frilled lizard (D:2)
  6 gnoll zombies (Ossuary)
  8 hobgoblin zombies (Ossuary)
  5 kobolds
  6 kobold zombies (Ossuary)
  4 orc zombies (Ossuary)
  5 rats
174 creatures vanquished.

Vanquished Creatures (others)
  7 plants (D:5)
7 creatures vanquished.

Grand Total: 181 creatures vanquished

Notes
Turn   | Place    | Note
-------+----------+-------------------------------------------
     0 | D:1      | Zeld the Gargoyle Earth Elementalist began the quest for
                  | the Orb.
     0 | D:1      | Reached XP level 1. HP: 10/10 MP: 3/3
   112 | D:1      | Reached XP level 2. HP: 3/15 MP: 0/5
   417 | D:1      | Learned a level 2 spell: Passwall
   563 | D:1      | Reached skill level 4 in Earth Magic
   597 | D:1      | Reached skill level 1 in Transmutations
  1038 | D:2      | Found a faded altar of an unknown god.
  1104 | D:2      | Reached XP level 3. HP: 19/19 MP: 2/6
  1108 | D:2      | Learned a level 3 spell: Stone Arrow
  1684 | D:2      | Reached skill level 1 in Conjurations
  1684 | D:2      | Reached XP level 4. HP: 23/24 MP: 4/7
  2252 | D:3      | Found a large runed translucent door.
  2252 | D:3      | Found a large runed translucent door.
  2253 | D:3      | Noticed safid's ghost (amateur MiHu)
  2570 | D:3      | Reached XP level 5. HP: 9/28 MP: 0/9
  2891 | D:3      | Found a glowing silver altar of Zin.
  3125 | D:4      | Reached skill level 5 in Earth Magic
  3387 | D:4      | Found a basalt altar of Yredelemnul.
  3430 | D:4      | Noticed Grinder
  3441 | D:4      | Paralysed by Grinder for 4 turns
  3449 | D:4      | Killed Grinder
  3450 | D:4      | Reached XP level 6. HP: 10/32 MP: 1/11
  3954 | D:4      | Found a shimmering altar of Xom.
  4131 | D:4      | Found a hazy altar of Hepliaklqana.
  4180 | D:4      | Noticed a water moccasin
  4210 | D:5      | Entered Level 5 of the Dungeon
  4287 | D:5      | Reached skill level 6 in Earth Magic
  4287 | D:5      | Reached XP level 7. HP: 32/36 MP: 9/13
  4297 | D:5      | Learned a level 4 spell: Petrify
  4300 | D:5      | Found a sand-covered staircase.
  4322 | Ossuary  | Entered an ossuary
  5511 | Ossuary  | Reached skill level 7 in Earth Magic
  5671 | D:5      | Found a sacrificial altar of Ru.
  5684 | D:5      | Reached XP level 8. HP: 41/41 MP: 12/15
  5735 | D:5      | Reached skill level 5 in Spellcasting
  6137 | D:5      | Found Fofeonk's Antique Armour Shop.
  6145 | D:5      | Bought an embroidered cloak for 180 gold pieces
  6204 | D:5      | Found a staircase to the Ecumenical Temple.
  6210 | Temple   | Entered the Ecumenical Temple
  6625 | D:5      | Noticed a yak
  6625 | D:5      | Noticed a yak
  6625 | D:5      | Noticed a yak
  6867 | D:5      | Noticed a yak
  6883 | D:6      | Reached skill level 5 in Stealth
  7150 | D:6      | Reached skill level 8 in Earth Magic
  7814 | D:6      | Noticed a yak
  7815 | D:6      | Noticed a yak
  7841 | D:6      | Killed a yak
  7842 | D:6      | Reached XP level 9. HP: 45/45 MP: 11/18
  7888 | Temple   | Became a worshipper of Gozag Ym Sagoz the Greedy
  8174 | D:5      | Reached skill level 9 in Earth Magic
  8299 | D:5      | Reached skill level 5 in Conjurations
  8886 | D:5      | Reached skill level 10 in Earth Magic
  9110 | D:6      | Reached XP level 10. HP: 41/50 MP: 1/21
  9419 | D:7      | Reached skill level 1 in Armour
  9721 | D:7      | Noticed Maggie
 10258 | D:8      | Identified the +9 trident of Watchfulness {pain, rN+ rCorr
                  | Int+4}
 10263 | D:8      | Reached skill level 1 in Shields
 10336 | D:8      | Noticed Maurice
 10356 | D:8      | Noticed an orange demon
 10361 | D:8      | Killed an orange demon
 10362 | D:8      | Reached skill level 11 in Earth Magic
 10422 | D:8      | Noticed Amaemon
 10441 | D:8      | Slain by a scorpion

Illustrated notes

Levels and vault maps discovered:
D:1:      dpeg_arrival_rooms_a, layout_basic
D:2:      layout_basic, ebering_ecumenical_altar_rust
D:3:      layout_basic, zin_treasury, ebering_ghost_disaster_area,
          minmay_crystal_water
D:4:      layout_loops_ring, xom_teletrap_fun, mainiacjoe_overflow_alcove_4,
          mainiacjoe_overflow_concentric_impassable, grunt_decor_fettered,
          uniq_grinder
D:5:      layout_loops_ring, lemuel_crystal_altar,
          minmay_temple_entry_statues_pillars, serial_shops,
          nicolae_diamond_shop, enter_ossuary_5, guppyfry_early_lair_pool
D:6:      layout_cave_pools
D:7:      layout_loops_corners, lemuel_mausoleum_altar_kikubaaqudgha,
          mainiacjoe_overflow_small_starburst, nicolae_ashenzari_skybound,
          uniq_maggie, uniq_joseph, uniq_crazy_yiuf_cottage
D:8:      cheibrodos_shockbox, layout_loops_ring,
          mainiacjoe_overflow_tiny_flanked, uniq_maurice, uniq_grum,
          uniq_amaemon, uniq_prince_ribbit1, uniq_erica
Temple:   grunt_temple_mini_profane

Skill      XL: |  1  2  3  4  5  6  7  8  9 10 |
---------------+-------------------------------+-----
Earth Magic    | 4 5 6 7 8 10 11 | 11.0
Transmutations | 1 |  1.0
Conjurations   | 1 2 3 4 6 |  6.4
Dodging        | 2 |  2.0
Stealth        | 3 4 5 6 |  6.0
Spellcasting   | 3 4 6 7 8 |  8.1
Armour         | 2 |  2.2
Shields        | 1 |  1.4

Action                   |  1- 3 |  4- 6 |  7- 9 | 10-12 || total
-------------------------+-------+-------+-------+-------++-------
Melee: Unarmed           |     7 |     3 |       |       ||    10
       Hand axe          |       |     4 |    78 |    14 ||    96
       Punch             |       |       |     2 |       ||     2
Throw: Dart              |       |     1 |     3 |       ||     4
 Cast: Sandblast         |    61 |    68 |    51 |     5 ||   185
       Stone Arrow       |       |     3 |    72 |    37 ||   112
Evoke: Wand              |       |     2 |     1 |     3 ||     6
  Use: Potion            |     1 |       |       |       ||     1
 Stab: Paralysed         |       |     1 |     1 |       ||     2
Armor: Robe              |    24 |    19 |    51 |    41 ||   135
Dodge: Dodged            |    42 |    23 |    91 |    25 ||   181
